 Dungeon Crawl Stone Soup version 0.21-a0-91-ga5031da (webtiles) character file.

105 Kriby the Skirmisher (level 4, -1/42 HPs)
             Began as a Hill Orc Fighter on May 30, 2017.
             Slain by a gnoll
             ... wielding a +0 halberd
              (11 damage)
             ... on level 2 of the Dungeon on June 29, 2017.
             The game lasted 00:03:38 (1528 turns).

Kriby the Skirmisher (Hill Orc Fighter)             Turns: 1528, Time: 00:03:38

Health: -1/42      AC:  9    Str: 18    XL:     4   Next: 81%
Magic:  4/4        EV:  7    Int:  8    God:
Gold:   114        SH:  9    Dex: 11    Spells: 3/3 levels left

rFire    . . .     SeeInvis .   m - +3 dagger (speed)
rCold    . . .     Gourm    .   c - +0 shield
rNeg     . . .     Faith    .   b - +0 scale mail
rPois    .         Spirit   .   (no helmet)
rElec    .         Reflect  .   (no cloak)
rCorr    .         Harm     .   l - +1 pair of gloves
MR       .....                  (no boots)
Stlth    ..........             (no amulet)
HPRegen  0.14/turn              (no ring)
MPRegen  0.09/turn              (no ring)

@: lethally poisoned (-1 -> -5)
A: no striking features
a: no special abilities


You were on level 2 of the Dungeon.
You were not hungry.

You visited 1 branch of the dungeon, and saw 2 of its levels.

You collected 114 gold pieces.

Inventory:

Hand Weapons
 a - a +0 rapier
 m - a +3 dagger of speed (weapon)
Armour
 b - a +0 scale mail (worn)
 c - a +0 shield (worn)
 l - a +1 pair of gloves (worn)
Jewellery
 p - an uncursed ring of fire {unknown}
Scrolls
 i - 3 scrolls of identify {unknown}
 k - a scroll of magic mapping {unknown}
 n - a scroll of fear {unknown}
Potions
 d - a potion of might
 e - a potion of ambrosia {unknown}
 h - a potion of agility {unknown}
 j - a potion of heal wounds {unknown}
 o - a potion of mutation {unknown}
Comestibles
 f - 2 bread rations
 g - 9 chunks of flesh


   Skills:
 * Level 5.3 Fighting
 + Level 3.2 Short Blades
 - Level 3.5 Armour
 - Level 3.3 Shields


You had 3 spell levels left.
You didn't know any spells.

Dungeon Overview and Level Annotations

Branches:
Dungeon (2/15)

Altars:
Zin


Message History

You feel sick. The gnoll closely misses you.
The gnoll hits you but does no damage.
You hit the gnoll.
You kill the gnoll!
You block the gnoll's attack.
You feel sick.
Things that are here:
a club; a gnoll corpse You hit the gnoll.
The gnoll is lightly wounded.
The gnoll hits you with a halberd.
* * * LOW HITPOINT WARNING * * *
Some of the chunks of flesh in your inventory have rotted away.
You closely miss the gnoll.
The gnoll is lightly wounded.
You feel sick.
You completely miss the gnoll.
The gnoll is lightly wounded.
The gnoll hits you with a halberd!
You die...

.........#.#.# #.♣........
.........#.#.## ##.P♣♣♣♣..P.
.........#.#..# . +#.(.....♣♣..
.........#.##.# .♣♣♣#(♣♣[♣♣♣.....
.........#....# .♣.....♣.♣....#..
.........###### #.♣P..♣.P.♣...#..
...............##P♣♣♣...♣.♣♣♣P♣..
########### #.g.P♣♣.)♣♣.P♣ .P.♣.
#.@)♣♣.♣..PPP♣.♣.P.
#.♣?......♣P..P.♣..
#.♣.♣..P♣P..♣.P ♣#.
#.P♣♣♣♣♣♣..♣♣♣♣♣)#. #..
♣P.♣P......♣#..
###P♣♣.♣..8.P♣.♣P..
#P..♣.P....P♣.♣..
♣.♣.P8.⌠.8♣..... ♣.♣.♣....P♣.♣...


You could see a gnoll.

Vanquished Creatures
  3 gnolls (D:2)
  2 worms (D:2)
  A dart slug (D:1)
  2 leopard geckos (D:2)
  4 giant cockroaches (D:2)
  5 goblins
  6 hobgoblins
  9 jackals
  4 kobolds
  4 quokkas (D:2)
  9 bats
  3 frilled lizards (D:2)
  7 rats
59 creatures vanquished.

Notes
Turn   | Place    | Note
-------+----------+-------------------------------------------
     0 | D:1      | Kriby the Hill Orc Fighter began the quest for the Orb.
     0 | D:1      | Reached XP level 1. HP: 19/19 MP: 1/1
    95 | D:1      | Reached XP level 2. HP: 27/27 MP: 2/2
   123 | D:1      | Upgraded the game from 0.21-a0-39-g28ea6b7 to 0.21-a0-91-ga5031da
   746 | D:1      | Reached skill level 4 in Fighting
   752 | D:1      | Reached XP level 3. HP: 30/33 MP: 3/3
  1051 | D:2      | Reached XP level 4. HP: 41/41 MP: 4/4
  1380 | D:2      | Reached skill level 5 in Fighting
  1422 | D:2      | Found a glowing silver altar of Zin.
  1528 | D:2      | Slain by a gnoll

Vault maps used:
D:1:      tarquinn_simple_flora_water_c, serial_corexii_hall,
          corexii_hall_statues_t, corexii_hall_statues_s
D:2:      wad_woods_tower, lemuel_round_altar, dk_noncrumbling_2,
          minmay_mini_jars

Skill      XL: |  1  2  3  4 |
---------------+-------------+-----
Fighting       | 4 5 |  5.3
Short Blades   | 3 |  3.2
Armour         | |  3.5
Shields        | |  3.3

Action                   |  1- 3 |  4- 6 || total
-------------------------+-------+-------++-------
Melee: Rapier            |    57 |       ||    57
       Dagger            |    84 |    83 ||   167
  Eat: Chunk             |     1 |     1 ||     2
Armor: Scale mail        |    54 |    31 ||    85
Dodge: Dodged            |    33 |    20 ||    53
Block: Shield            |    77 |    33 ||   110
